 Seeded DCSS version 0.30.1-4-g462c640d31 (webtiles) character file.

Game seed: 6351066067085065685 (custom seed)

1045 Esekla the Grave Robber (level 8, -1/41 HPs)
             Began as a Deep Elf Necromancer on Aug 28, 2023.
             Was a Believer of Vehumet.
             Constricted to death by Pikel (7 damage)
             ... on level 6 of the Dungeon.
             The game lasted 00:22:25 (4639 turns).

Esekla the Grave Robber (Deep Elf Necromancer)      Turns: 4639, Time: 00:22:26

Health: -1/41      AC:  4    Str:  5    XL:     8   Next: 4%
Magic:  10/20      EV: 11    Int: 23    God:    Vehumet [**....]
Gold:   287        SH:  0    Dex: 15    Spells: 10/20 levels left

rFire   . . .        a - +2 dagger (vamp)
rCold   . . .        (no shield)
rNeg    . . .        k - +0 robe
rPois   .            i - +0 helmet
rElec   .            (no cloak)
rCorr   .            E - +0 pair of gloves
SInv    .            (no boots)
Will    .....        A - amulet of magic regeneration
Stlth   +++          (no ring)
HPRegen 0.26/turn    (no ring)
MPRegen 0.57/turn

%: no passive effects
@: grasped by roots, constricted
A: no striking features
a: Renounce Religion


You were on level 6 of the Dungeon.
You worshipped Vehumet.
Vehumet was pleased with you.
You visited 1 branch of the dungeon, and saw 6 of its levels.

You collected 287 gold pieces.

Inventory:

Hand Weapons
 a - a +2 vampiric dagger (weapon)
 c - a +0 scimitar
 r - a +0 trident
 s - the +5 rapier of the Hero {heavy, rN+ Dex+3}
   (You found it on level 3 of the Dungeon)

   Dex:       It affects your dexterity (+3).
   rN:        It protects you from negative energy.
Missiles
 x - 9 poisoned darts (quivered)
Armour
 i - a +0 helmet (worn)
 k - a +0 robe (worn)
 E - a +0 pair of gloves (worn)
Jewellery
 A - an amulet of magic regeneration (around neck)
Wands
 w - a wand of roots (14)
 D - a wand of flame (15)
Scrolls
 f - 5 scrolls of identify {unknown}
 l - a scroll of enchant armour {unknown}
 m - 2 scrolls of amnesia {unknown}
 n - 3 scrolls of enchant weapon {unknown}
 o - a scroll of immolation {unknown}
 p - a scroll of summoning {unknown}
 q - 2 scrolls of blinking {unknown}
 t - 2 scrolls of fog {unknown}
 y - a scroll of magic mapping {unknown}
 z - a scroll of silence {unknown}
 C - 2 scrolls of fear
 F - a scroll of teleportation {unknown}
Potions
 b - a potion of magic
 d - a potion of ambrosia {unknown}
 e - 2 potions of attraction {unknown}
 g - a potion of haste {unknown}
 h - 5 potions of curing
 j - a potion of mutation {unknown}
 u - 2 potions of heal wounds {unknown}
 v - 3 potions of brilliance {unknown}
 B - a potion of lignification {unknown}


   Skills:
 + Level 3.0 Short Blades
 + Level 0.1 Throwing
 * Level 5.0 Dodging
 + Level 4.4 Stealth
 * Level 6.9 Spellcasting
 * Level 7.3 Necromancy
 * Level 3.1 Translocations


You had 10 spell levels left.
You knew the following spells:

 Your Spells              Type           Power      Damage    Failure   Level
a - Necrotise             Necr           100%       1d9       1%          1
b - Freeze                Ice            28%        1d5       8%          1
c - Static Discharge      Conj/Air       14%        2-3/arc   12%         2
d - Vampiric Draining     Necr           41%        2d8       1%          3
t - Teleport Other        Tloc           22%        N/A       6%          3

Your spell library contained the following spells:

 Spells                   Type           Power      Damage    Failure   Level
 Lesser Beckoning         Tloc           44%        N/A       3%          2
 Animate Dead             Necr           41%        N/A       3%          4
 Gell's Gravitas          Tloc           22%        N/A       6%          3
 Agony                    Necr           41%        N/A       11%         5
 Spider Form              Tmut/Pois      7%         N/A       24%         3
 Cause Fear               Hex            3%         N/A       61%         4
 Summon Mana Viper        Hex/Summ       7%         N/A       91%         5


Dungeon Overview and Level Annotations

Branches:
Dungeon (6/15)
 Temple: D:4-7

Altars:
Dithmenos
Hepliaklqana
Okawaru
Qazlal
Trog
Vehumet
Zin
The Shining One

Shops:
D:2 =   D:4 (

Annotations:
D:6 Pikel


Message History

Casting: Teleport Other (dangerous; 6% risk of failure)
Confirm with . or Enter, or press ? or * to list all spells.
Aiming: Vampiric Draining (safe; 1% risk of failure)
Press: ? - help, Shift-Dir - straight line, f - Pikel
Aim: Pikel, wielding a +1 whip of flaming, wearing a +0 robe and carrying a wand of roots (7) (lightly wounded)
You draw life force from Pikel!
You feel life coursing into your body.
You hear a shout!
Pikel zaps a wand.
The roots erupt in riotous growth!
The grasping roots grab you!
Pikel is unaffected.
The grasping roots constrict you.
You hear a shout!
Casting: Vampiric Draining (safe; 1% risk of failure)
Confirm with . or Enter, or press ? or * to list all spells.
Aiming: Vampiric Draining (safe; 1% risk of failure)
Press: ? - help, Shift-Dir - straight line, f/p - Pikel
Aim: Pikel, wielding a +1 whip of flaming, wearing a +0 robe and carrying a wand of roots (6) (moderately wounded)
You draw life force from Pikel!
You feel life coursing into your body.
Pikel hits you with a +1 whip of flaming!
Pikel burns you. The grasping roots constrict you!
* * * LOW HITPOINT WARNING * * *
Casting: Vampiric Draining (safe; 1% risk of failure)
Confirm with . or Enter, or press ? or * to list all spells.
Aiming: Vampiric Draining (safe; 1% risk of failure)
Press: ? - help, Shift-Dir - straight line, f/p - Pikel
Aim: Pikel, wielding a +1 whip of flaming, wearing a +0 robe and carrying a wand of roots (6) (heavily wounded)
You draw life force from Pikel!
You feel life coursing into your body.
Pikel hits you with a +1 whip of flaming!
* * * LOW HITPOINT WARNING * * *
Pikel burns you.
* * * LOW HITPOINT WARNING * * *
The grasping roots constrict you.
* * * LOW HITPOINT WARNING * * *
Casting: Vampiric Draining (safe; 1% risk of failure)
Confirm with . or Enter, or press ? or * to list all spells.
Aiming: Vampiric Draining (safe; 1% risk of failure)
Press: ? - help, Shift-Dir - straight line, f/p - Pikel
Aim: Pikel, wielding a +1 whip of flaming, wearing a +0 robe and carrying a wand of roots (6) (severely wounded)
You draw life force from Pikel!
You feel life coursing into your body. Pikel barely misses you.
The grasping roots constrict you!
You die...

# .. #.........## ..
###........# #. #..##.#..#
#. ###..#..#..# ######.
........##..#
.......####.#........#
####
#.....5...#........####
#...
5K.#..5.K.###....#.....#
#.#.
##...##.#@###.#.....###.#.
#..####K####.#.........#.
.... #......#......#####
####. ########<........#.
#. ###.#####.#. .. ##
####)#####.#. .
#.......##...
#.#.#...#.#####
..#.#............


You could see Pikel.

Vanquished Creatures
  An ice beast (D:6)
  A black bear (D:2)
  An ogre (D:5)
  Blork the orc (D:6)
  2 scorpions (D:5)
  A gnoll bouda (D:4)
  4 hounds
  A sleepcap (D:5)
  5 iguanas
  11 gnolls
  8 adders
  2 white imps
  An ufetubus (D:6)
  A worm (D:4)
  3 dart slugs
  11 orcs
  6 ball pythons
  4 endoplasms
  8 goblins
  5 hobgoblins
  A quokka (D:1)
  4 bats
  4 frilled lizards
  5 kobolds
  A rat (D:2)
92 creatures vanquished.

Notes
Turn   | Place    | Note
-------+----------+-------------------------------------------
     0 | D:1      | Esekla the Deep Elf Necromancer began the quest for the
                  | Orb.
     0 | D:1      | Reached XP level 1. HP: 10/10 MP: 6/6
   222 | D:2      | Found Renulab's Jewellery Shop.
   548 | D:4      | Found a radiant altar of Vehumet.
   559 | D:4      | Found an iron altar of Okawaru.
   570 | D:4      | Found a glowing silver altar of Zin.
   649 | D:4      | Became a worshipper of Vehumet
   734 | D:3      | Reached skill level 5 in Necromancy
   814 | D:3      | Reached XP level 2. HP: 15/15 MP: 8/8
   971 | D:4      | Found Ponaysk's Antique Weapon Boutique.
  1087 | D:4      | Found a glowing golden altar of the Shining One.
  1362 | D:3      | Identified the +5 rapier of the Hero {heavy, rN+ Dex+3}
  1584 | D:3      | Found a stormy altar of Qazlal.
  1604 | D:3      | Reached XP level 3. HP: 16/19 MP: 9/9
  1608 | D:3      | Learned a level 3 spell: Vampiric Draining
  1678 | D:3      | Found a hazy altar of Hepliaklqana.
  1680 | D:3      | Found a bloodstained altar of Trog.
  1695 | D:3      | Reached skill level 1 in Short Blades
  1816 | D:2      | Reached XP level 4. HP: 23/24 MP: 7/11
  2410 | D:1      | Reached * piety under Vehumet
  2410 | D:1      | Offered knowledge of Freeze by Vehumet.
  2415 | D:1      | Learned a level 3 spell: Teleport Other
  2417 | D:1      | Learned a level 1 spell: Freeze
  2693 | D:2      | Reached XP level 5. HP: 23/28 MP: 8/12
  2805 | D:2      | Found a faded altar of an unknown god.
  2846 | D:2      | Noticed a black bear
  2855 | D:2      | Killed a black bear
  2856 | D:2      | Reached skill level 1 in Translocations
  2856 | D:2      | Reached XP level 6. HP: 23/32 MP: 10/14
  3371 | D:4      | Reached skill level 6 in Necromancy
  3463 | D:4      | Reached skill level 5 in Spellcasting
  3567 | D:5      | Entered Level 5 of the Dungeon
  3575 | D:5      | Got the Parchment of the Lumpy Olives
  3595 | D:5      | Found a shadowy altar of Dithmenos.
  3912 | D:5      | Reached XP level 7. HP: 29/36 MP: 11/17
  4199 | D:5      | Reached skill level 7 in Necromancy
  4244 | D:5      | Reached ** piety under Vehumet
  4244 | D:5      | Offered knowledge of Static Discharge by Vehumet.
  4248 | D:5      | Learned a level 2 spell: Static Discharge
  4438 | D:6      | Noticed Blork the orc
  4453 | D:6      | Killed Blork the orc
  4454 | D:6      | Reached skill level 5 in Dodging
  4454 | D:6      | Reached XP level 8. HP: 24/41 MP: 9/20
  4622 | D:6      | Noticed Pikel
  4638 | D:6      | HP: 1/41 [constriction (3)]
  4639 | D:6      | Constricted to death by Pikel

Illustrated notes

Levels and vault maps discovered:
D:1:      sevenhm_arrival_forest_fort_small_3, layout_rooms,
          chequers_serial_rivers_room_b, minmay_misc_feat_five
D:2:      layout_loops_ring, dreamdust_ecumenical_altar_angels_and_demons,
          serial_shops, shop
D:3:      layout_basic, grunt_temple_overflow_open, minmay_misc_feat_iff
D:4:      layout_basic, nicolae_overflow_quartered_altars, serial_shops,
          nicolae_diamond_shop
D:5:      layout_loops_ring, lemuel_doored_altar, minmay_misc_feat_rows,
          dreamdust_wishing_well
D:6:      layout_loops_cross, fedhas_altar_fruit_tree,
          minmay_temple_entry_glass, uniq_pikel, uniq_blork_the_orc

Skill      XL: |  1  2  3  4  5  6  7 |
---------------+----------------------+-----
Necromancy     | 5 6 7 |  7.3
Dodging        | 3 4 5 |  5.0
Short Blades   | 1 2 3 |  3.0
Stealth        | 3 4 |  4.4
Spellcasting   | 4 5 6 |  6.9
Translocations | 1 3 |  3.1
Throwing       | |  0.1

Action                     |  1- 3 |  4- 6 |  7- 9 || total
---------------------------+-------+-------+-------++-------
  Melee: Short sword       |    62 |    73 |       ||   135
         Unarmed           |     9 |       |       ||     9
         Punch             |     1 |     2 |       ||     3
         Rapier            |       |     2 |    22 ||    24
         Dagger            |       |    85 |    13 ||    98
  Throw: Dart              |       |     1 |     4 ||     5
   Cast: Vampiric Draining |     2 |    31 |    14 ||    47
         Teleport Other    |       |       |     1 ||     1
    Use: Scroll            |     1 |       |       ||     1
   Stab: Sleeping          |     5 |     8 |     6 ||    19
 Armour: Robe              |     8 |    34 |     9 ||    51
  Dodge: Dodged            |    51 |   102 |    30 ||   183
